[Event "Chinese League Division-A 2024"]
[Site "Fuling Chongqing"]
[Date "2024.07.07"]
[Round "10.1"]
[White "Li, Chao b"]
[Black "Wang, Yue"]
[Result "1/2-1/2"]
[ECO "C47"]
[WhiteElo "2645"]
[BlackElo "2652"]
[Annotator "TA"]
[PlyCount "67"]
[EventDate "2024.06.28"]
[EventType "team-tourn"]
[EventCountry "CHN"]
[SourceTitle "playchess.com"]
[Source "ChessBase"]
[SourceQuality "1"]
[TimeControl "40/5400+30:1800+30"]

1. e4 e5 2. Nf3 Nc6 3. Nc3 Nf6 4. d4 exd4 5. Nxd4 Bb4 6. Nxc6 bxc6 7. Bd3 d5 8. Bd2 O-O 9. O-O Bxc3 10. Bxc3 dxe4 11. Bxf6 Qxf6 12. Bxe4 g6 {[%emt 0:02:56] Repels Qh5} 13. c3 (13. b3 $14 {is more appropriate.}) 13... Rb8 $11 14. Qc2 c5 15. Rad1 Be6 16. Bd5 Rfd8 17. Bxe6 Qxe6 18. a3 Rxd1 19. Rxd1 {[%emt 0:00:04][%mdl 4096] Endgame. KQR-KQR} Re8 {[%emt 0:00:09][%cal Oe6e1] [#] ( -> ...Qe1+!)} 20. h3 Qe2 21. Qxe2 Rxe2 {[%emt 0:00:05] KR-KR} 22. Rd7 {[%emt 0:00:08] The position is equal.} Rxb2 23. Rxc7 Rb3 24. Rxa7 Rxc3 25. a4 Rc1+ 26. Kh2 Ra1 27. a5 c4 28. a6 c3 {[%emt 0:00:10] [#] ...c2 would now be deadly.} 29. Rc7 Rxa6 30. Rxc3 Ra2 31. Kg1 Ra1+ 32. Kh2 Ra2 33. Kg1 Ra1+ 34. Kh2 {[%emt 0:00:02] Not much happened in this game.   Weighted Error Value: White=0.04 (flawless) /Black=0.03 (flawless) .  Mistake:       	White=1     	---        Inaccurate:     	---       	Black=1      OK:         	White=11    	Black=13     Best:        	White=2     	---} 1/2-1/2

[Event "Chinese League Division-A 2024"]
[Site "Fuling Chongqing"]
[Date "2024.07.07"]
[Round "10.2"]
[White "Dai, Changren"]
[Black "Xiu, Deshun"]
[Result "1/2-1/2"]
[ECO "D38"]
[WhiteElo "2502"]
[BlackElo "2514"]
[Annotator "TA"]
[PlyCount "93"]
[EventDate "2024.06.28"]
[EventType "team-tourn"]
[EventCountry "CHN"]
[SourceTitle "playchess.com"]
[Source "ChessBase"]
[SourceQuality "1"]
[TimeControl "40/5400+30:1800+30"]

1. d4 Nf6 2. c4 e6 3. Nf3 d5 4. Nc3 Bb4 5. cxd5 exd5 6. Bg5 h6 7. Bh4 O-O {[%emt 0:02:07] D38: Queen's Gambit Declined: Ragozin Defence (4 Nf3 Bb4).} 8. e3 Bf5 9. Qb3 Bxc3+ 10. Qxc3 g5 11. Bg3 Ne4 12. Qxc7 Nc6 13. Qxd8 (13. Qxb7 $2 Qa5+ 14. b4 Nxb4 $19) 13... Rfxd8 14. Bb5 Rac8 15. Ke2 a6 $146 ({Predecessor:} 15... h5 16. Bxc6 Rxc6 17. Rhc1 Rdc8 18. Rxc6 Rxc6 19. Ne1 Rb6 20. b3 Nc3+ 21. Kd2 Rc6 {0-1 Tsygankov,E (2524)-Legrand,S (2488) FICGS W-ch qf3 email 2021 (3)}) 16. Bxc6 Rxc6 17. Rhc1 Rdc8 $1 18. Rc2 $2 {[%emt 0:01:34][%mdl 8192] [#]} (18. Rxc6 $11 Rxc6 19. Ne1) 18... Rc5 $4 (18... Rxc2+ $3 $19 {[%mdl 512] and life is good for Black.} 19. Kf1 Rc1+ (19... Rxb2 $2 20. Be5 $19) 20. Rxc1 Rxc1+ 21. Ke2 Bd7 22. Nxg5 hxg5 (22... Bb5+ $2 23. Kf3 $19)) 19. Rxc5 $18 (19. dxc5 Nxg3+ 20. hxg3 Bxc2 $18) 19... Rc7 $2 {[%emt 0:00:07] [#]} (19... Nxc5 20. dxc5 Rxc5) 20. Rc6 $2 (20. Rxc7 $3 $18 b5 (20... Nf6 21. Rxb7) 21. Rac1 (21. Be5 f6 $18)) 20... Rxc6 $11 21. Ne1 Rb6 22. b3 Rc6 23. f3 Nc3+ 24. Kf1 (24. Kd2 $5) 24... Bb1 25. e4 dxe4 26. d5 $1 Rc8 (26... Nxd5 $2 27. Rxb1 f5 28. fxe4 fxe4 29. Rb2 $18) 27. Be5 Bd3+ 28. Nxd3 exd3 29. Bxc3 (29. d6 $5 Nd5 $8 30. Ke1 $11) 29... Rxc3 30. Ke1 Rc2 31. Rd1 Rxg2 32. Rxd3 Kf8 (32... Rxa2 $2 {is the wrong capture.} 33. d6 Kg7 34. d7 Rxh2 35. d8=Q $18 (35. d8=B Rc2 $14)) 33. Re3 $1 Rc2 $1 (33... Rxa2 $2 {perishes.} 34. d6 Ra1+ (34... Rxh2 $2 35. d7 $18) 35. Ke2 Ra2+ 36. Kd3 $18) 34. d6 Rc8 35. Kf2 Rd8 36. Rd3 f6 37. Kg3 Kf7 38. Kg4 Kg6 39. h4 f5+ 40. Kg3 Kf6 41. hxg5+ hxg5 42. f4 g4 43. Rd5 Ke6 44. Re5+ Kf6 $1 45. Rd5 Ke6 46. Re5+ Kf6 $1 47. Rd5 1/2-1/2

[Event "Chinese League Division-A 2024"]
[Site "Fuling Chongqing"]
[Date "2024.07.07"]
[Round "10.3"]
[White "Zhang, Di"]
[Black "Chu, Wei Chao"]
[Result "1/2-1/2"]
[ECO "E01"]
[WhiteElo "2362"]
[BlackElo "2412"]
[Annotator "TA"]
[PlyCount "61"]
[EventDate "2024.06.28"]
[EventType "team-tourn"]
[EventCountry "CHN"]
[SourceTitle "playchess.com"]
[Source "ChessBase"]
[SourceQuality "1"]
[TimeControl "40/5400+30:1800+30"]

1. Nf3 d5 2. g3 Nf6 3. Bg2 c5 4. O-O e6 5. d4 cxd4 6. Nxd4 e5 7. Nf3 Nc6 8. c4 d4 9. e3 Be7 10. exd4 exd4 {[%emt 0:00:06] The position is equal.} 11. b4 Bxb4 {[%emt 0:12:52] [#]} 12. Nxd4 $1 O-O 13. Nxc6 bxc6 14. Qxd8 Rxd8 15. Bxc6 Bh3 16. Bg2 Bxg2 17. Kxg2 Rac8 18. a3 Bf8 19. Be3 Rxc4 20. Bxa7 Ra8 21. Be3 Nd5 22. Bd2 h5 23. a4 Rcxa4 24. Rxa4 Rxa4 25. Nc3 Nxc3 26. Bxc3 $11 {[%emt 0:00:04] KRB-KRB} g6 27. Re1 Bg7 28. Re8+ Kh7 29. Bxg7 Kxg7 30. h4 Ra2 31. Re3 {[%emt 0:00:05] A balanced but interesting game.   Weighted Error Value: White=0.02 (flawless) /Black=0.01 (flawless) .  OK:         	White=8     	Black=10     Best:        	---       	Black=1} 1/2-1/2

[Event "Chinese League Division-A 2024"]
[Site "Fuling Chongqing"]
[Date "2024.07.07"]
[Round "10.4"]
[White "Xiao, Yiyi"]
[Black "Li, Ruofan"]
[Result "1/2-1/2"]
[ECO "E04"]
[WhiteElo "2338"]
[BlackElo "2321"]
[Annotator "TA"]
[PlyCount "60"]
[EventDate "2024.06.28"]
[EventType "team-tourn"]
[EventCountry "CHN"]
[SourceTitle "playchess.com"]
[Source "ChessBase"]
[SourceQuality "1"]
[TimeControl "40/5400+30:1800+30"]

1. Nf3 d5 2. g3 Nf6 3. Bg2 c5 4. O-O Nc6 5. d4 e6 6. c4 dxc4 7. dxc5 Qxd1 8. Rxd1 Bxc5 9. Nbd2 c3 10. bxc3 O-O 11. Nb3 Be7 12. Nfd4 Bd7 13. Bg5 Rfd8 14. Nxc6 Bxc6 15. Bxc6 bxc6 16. Na5 Rac8 17. c4 {[%emt 0:08:25] Dodges Rd5} h6 {[%emt 0:07:48] The position is equal.} 18. Bxf6 Bxf6 (18... Rxd1+ 19. Rxd1 Bxf6 20. Rd7 $16) 19. Rab1 Kf8 20. e3 Ke8 21. Kf1 Rxd1+ 22. Rxd1 $11 {[%emt 0:00:02][%mdl 4096] Endgame. KRB-KRN} Bd8 23. Nb7 {[%emt 0:00:54] [#] aiming for Nd6+.} Be7 24. Nd6+ Bxd6 25. Rxd6 {[%emt 0:00:04] KR-KR} a5 26. a4 Rb8 27. Rxc6 {[%emt 0:00:08] Strongly threatening Ra6.} Rb4 28. Ra6 Rxa4 29. Ra7 Rxc4 30. Rxa5 g6 {[%emt 0:00:14] Not much happened in this game.   Weighted Error Value: White=0.07 (flawless) /Black=0.03 (flawless) .  OK:         	White=2     	Black=11     Best:        	---       	Black=1} 1/2-1/2

[Event "Chinese League Division-A 2024"]
[Site "Fuling Chongqing"]
[Date "2024.07.07"]
[Round "10.5"]
[White "Guo, Weibao"]
[Black "Jiang, Tianyu"]
[Result "1/2-1/2"]
[ECO "D14"]
[WhiteElo "1900"]
[BlackElo "1995"]
[Annotator "RC"]
[PlyCount "60"]
[EventDate "2024.06.28"]
[EventType "team-tourn"]
[EventCountry "CHN"]
[SourceTitle "playchess.com"]
[Source "ChessBase"]
[SourceQuality "1"]
[TimeControl "40/5400+30:1800+30"]

1. Nf3 d5 2. d4 Nf6 3. c4 c6 4. cxd5 cxd5 5. Nc3 Nc6 6. Bf4 Bf5 7. e3 e6 8. a3 Bd6 9. Bxd6 Qxd6 10. Bd3 Bxd3 11. Qxd3 O-O 12. O-O Rac8 13. Rac1 Na5 14. Rc2 Nc4 15. Rfc1 a6 16. Ne5 Nxe5 17. dxe5 Qxe5 18. Nxd5 Rxc2 19. Nxf6+ Qxf6 20. Qxc2 g6 21. Qc3 Qxc3 22. Rxc3 Rd8 23. g4 Rd7 24. Kg2 Kg7 25. h4 e5 26. Kf3 h5 27. gxh5 gxh5 28. Ke2 Kg6 29. f3 f6 30. e4 Kf7 1/2-1/2

[Event "Chinese League Division-A 2024"]
[Site "Fuling Chongqing"]
[Date "2024.07.07"]
[Round "10.6"]
[White "Nie, Xinyang"]
[Black "Jiang, Haochen"]
[Result "0-1"]
[ECO "D31"]
[WhiteElo "2395"]
[BlackElo "2290"]
[Annotator "TA"]
[PlyCount "76"]
[EventDate "2024.06.28"]
[EventType "team-tourn"]
[EventCountry "CHN"]
[SourceTitle "playchess.com"]
[Source "ChessBase"]
[SourceQuality "1"]
[TimeControl "40/5400+30:1800+30"]

1. d4 d5 2. c4 e6 3. Nc3 Be7 4. cxd5 exd5 5. Nf3 c6 6. Bf4 Bf5 7. e3 Nd7 8. Be2 {[%emt 0:05:05] The position is equal.} h6 9. Nd2 Ngf6 10. a3 O-O 11. g4 Bh7 12. h4 Ne8 13. Nf3 (13. g5 $5) 13... Bd6 14. Ne5 Nxe5 (14... Qc7 $15 15. Nxd7 Qxd7) 15. dxe5 $14 Bb8 16. g5 Qe7 17. gxh6 (17. Qd4 {looks sharper.} Nc7 18. gxh6 Ne6 19. Qb4) 17... Bxe5 18. Bxe5 Qxe5 19. hxg7 Nxg7 20. Rg1 Kh8 21. Rg5 Qh2 {[%emt 0:02:21][%cal Oa8e8] Hoping for ...Rae8!} 22. Bf3 $2 (22. Bd3 $1 $11) 22... Rae8 {[%emt 0:03:12][%cal Oe8e3] Strongly threatening ...Rxe3+!} 23. Ne2 {[%emt 0:10:22] [#]} (23. Rg2 $17 {was called for.} Qe5 (23... Qxh4 24. Rg4 $17) 24. Ne2) 23... f6 $2 (23... Qxh4 24. Rg4 Qf6 25. Qd4 Qxd4 26. Rxd4) ({Black should try} 23... Nf5 $1 $19 24. Rg2 Qh1+ (24... Qxh4 25. Rg4 $17) 25. Kd2 Qxh4) 24. Rg2 $1 $15 Qxh4 {[%emt 0:01:37][%cal Og7f5] White must now prevent ...Nf5!} 25. Rg4 Qh6 $36 {[%emt 0:02:31][%mdl 2048] Black has good play.} 26. Qa4 Nf5 {[%emt 0:06:05][%cal Od5d4] And now ...d4! would win.} 27. Rd1 Rg8 28. Qxa7 {[%emt 0:03:34] White does not recover from this.} (28. Qf4 $15) 28... Qh3 $19 29. Ng1 Qh2 {[%emt 0:00:11] aiming for ...Rxg4.} 30. Rxg8+ (30. Ne2) 30... Rxg8 31. Ne2 Qh3 32. Bxd5 cxd5 33. Qxb7 {[%emt 0:00:07] [#]} d4 34. Qc6 Qh4 ({Weaker is} 34... dxe3 35. Qxf6+ Ng7 36. fxe3 $15) 35. exd4 Ne3 36. Rc1 Ng2+ 37. Kf1 (37. Kd2 $19 Qxf2 38. Qe6) 37... Qh1+ 38. Ng1 Bd3# {[%emt 0:00:07] Weighted Error Value: White=0.69/Black=0.40.  Mistake:       	White=5     	Black=3      Inaccurate:     	White=5     	Black=1      OK:         	White=6     	Black=15     Best:        	White=2     	Black=2      Strong:       	White=1     	---} 0-1

[Event "Chinese League Division-A 2024"]
[Site "Fuling Chongqing"]
[Date "2024.07.07"]
[Round "10.7"]
[White "Shen, Fuyan"]
[Black "Peng, Xiongjian"]
[Result "1/2-1/2"]
[ECO "A28"]
[WhiteElo "1830"]
[BlackElo "2521"]
[Annotator "TA"]
[PlyCount "159"]
[EventDate "2024.06.28"]
[EventType "team-tourn"]
[EventCountry "CHN"]
[SourceTitle "playchess.com"]
[Source "ChessBase"]
[SourceQuality "1"]
[TimeControl "40/5400+30:1800+30"]

1. c4 Nf6 2. Nc3 e5 3. Nf3 Nc6 4. e3 Bb4 5. Qc2 Bxc3 6. Qxc3 Qe7 7. a3 a5 8. b4 d6 9. b5 Nd8 10. a4 Bg4 11. Be2 Ne6 12. Bb2 O-O 13. O-O Ne4 14. Qc2 f5 15. d3 N4g5 16. Qd1 Rae8 17. h3 $2 {[%emt 0:06:16] [#]} (17. Nd2 $15) 17... Bxf3 $2 (17... Nxh3+ $1 $19 18. gxh3 Bxh3) 18. Bxf3 $11 Nxf3+ 19. Qxf3 b6 20. Qd5 f4 21. exf4 Rxf4 22. g3 Rf7 23. Rae1 Nc5 24. f4 Qe6 $1 25. fxe5 Rxf1+ 26. Kxf1 Qxd5 27. cxd5 Nxd3 28. Re2 dxe5 (28... Nxb2 29. exd6 Rf8+ (29... Rxe2 $2 30. d7 $18) 30. Kg2 $19) 29. Ba3 {[%emt 0:01:09] [#]} Rd8 $1 30. Rc2 Rxd5 31. Rxc7 Rd4 32. Rb7 Rxa4 33. Bd6 Ra2 34. Rxb6 Rf2+ 35. Kg1 Rb2 36. Rb8+ (36. Rb7 $15) 36... Kf7 $17 37. b6 a4 ({Black should try} 37... Ke6 $17 38. Bc7 a4) 38. b7 $11 Kg6 39. Ba3 Rb1+ 40. Kg2 e4 41. Re8 Rxb7 42. Rxe4 h5 43. Rxa4 Rf7 44. Ra6+ Kf5 45. Rd6 Ne1+ 46. Kg1 Ke5 47. Rd1 Nf3+ 48. Kg2 Ke4 49. Rf1 g5 50. g4 Nh4+ 51. Kg1 Ra7 52. Bc5 Ra2 53. Rf2 Ra5 54. Bd6 Nf3+ 55. Kg2 Ne1+ 56. Kf1 Nd3 57. Rf7 h4 58. Kg1 Ra1+ 59. Kg2 Ra2+ 60. Kg1 Nf4 61. Bxf4 gxf4 62. Rb7 $1 f3 63. Rf7 $1 Ke3 64. g5 $1 Rg2+ 65. Kf1 Rxg5 66. Re7+ Kf4 67. Kf2 Rg2+ 68. Kf1 Ra2 69. Rg7 Rh2 70. Rf7+ Kg3 71. Rg7+ Kxh3 72. Rf7 Kg4 73. Rg7+ $1 Kh5 74. Rf7 Kg4 75. Rg7+ $1 Kh3 76. Rf7 f2 77. Rf3+ Kg4 78. Rxf2 Rh1+ 79. Kg2 Ra1 80. Rb2 1/2-1/2

[Event "Chinese League Division-A 2024"]
[Site "Fuling Chongqing"]
[Date "2024.07.07"]
[Round "10.8"]
[White "Cao, Qingfeng"]
[Black "Xu, Pengmo"]
[Result "1/2-1/2"]
[ECO "E01"]
[WhiteElo "2189"]
[BlackElo "1834"]
[Annotator "RC"]
[PlyCount "184"]
[EventDate "2024.06.28"]
[EventType "team-tourn"]
[EventCountry "CHN"]
[SourceTitle "playchess.com"]
[Source "ChessBase"]
[SourceQuality "1"]
[TimeControl "40/5400+30:1800+30"]

1. d4 d5 2. c4 c6 3. Nf3 Nf6 4. Nc3 e6 5. Qd3 Nbd7 6. g3 Bd6 7. Bg2 O-O 8. O-O dxc4 9. Qxc4 e5 10. Rd1 Qe7 11. Qb3 h6 12. Nh4 Qe6 13. Qxe6 fxe6 14. dxe5 Bxe5 15. Ng6 Re8 16. Nxe5 Nxe5 17. b3 Nf7 18. Bb2 e5 19. Na4 Bg4 20. f3 Be6 21. Nc5 Bc8 22. e4 b6 23. Nd3 a5 24. f4 Ng4 25. Bf3 g5 26. Nxe5 Ngxe5 27. fxe5 Be6 28. Bh5 a4 29. b4 a3 30. Bc3 Red8 31. Kf2 Rxd1 32. Bxd1 b5 33. Ke3 Kf8 34. Bh5 Rd8 35. Bd4 Rd7 36. Rf1 Kg7 37. Rf6 Nd8 38. Bc3 Kh7 39. Bg6+ Kg7 40. Bf5 Re7 41. Rg6+ Kf8 42. Rf6+ Kg7 43. Kd2 Bxa2 44. e6 Kg8 45. Rg6+ Kf8 46. Bf6 Rxe6 47. Bxe6 Nxe6 48. Rxh6 c5 49. Bc3 Bc4 50. Rh7 a2 51. Ra7 Ke8 52. h4 cxb4 53. Bxb4 gxh4 54. gxh4 Nd4 55. Kc3 Nc6 56. Ra8+ Kf7 57. Bd6 Kg6 58. Kb2 Nd4 59. Bb4 Nf3 60. Rh8 Ne5 61. h5+ Kg7 62. Ra8 Nd3+ 63. Kc3 Kh6 64. Bd6 Kxh5 65. e5 Nf4 66. Kb2 Kg6 67. Rf8 Ne6 68. Rf2 Nd4 69. Bb4 Kg5 70. Bd2+ Kg6 71. Bc3 Ne6 72. Ka3 Nc5 73. Rf3 Kg5 74. Bd4 Ne6 75. Ba1 Kg4 76. Rf6 Kg5 77. Kb4 Kg4 78. Bb2 Kg5 79. Bc1+ Kg4 80. Bb2 Nf4 81. Ka5 Ne6 82. Kb6 Kg5 83. Kc6 Kg4 84. Kd6 Nf4 85. Rf8 Ne6 86. Rf6 Nf4 87. Rf8 Ne6 88. Rf2 Nf4 89. Ba1 Kg3 90. Rc2 Kf3 91. Rc3+ Ke2 92. Ra3 Kd2 1/2-1/2

[Event "Chinese League Division-A 2024"]
[Site "Fuling Chongqing"]
[Date "2024.07.07"]
[Round "10.9"]
[White "Zhao, Yunqing"]
[Black "Sun, Fanghui"]
[Result "1/2-1/2"]
[ECO "D78"]
[WhiteElo "1986"]
[BlackElo "2115"]
[Annotator "RC"]
[PlyCount "84"]
[EventDate "2024.06.28"]
[EventType "team-tourn"]
[EventCountry "CHN"]
[SourceTitle "playchess.com"]
[Source "ChessBase"]
[SourceQuality "1"]
[TimeControl "40/5400+30:1800+30"]

1. d4 Nf6 2. Nf3 g6 3. g3 Bg7 4. Bg2 d5 5. O-O c6 6. b3 O-O 7. c4 Bf5 8. Bb2 a5 9. Nc3 Ne4 10. Ne5 Nxc3 11. Bxc3 Be6 12. e4 dxe4 13. Bxe4 Nd7 14. f4 Nxe5 15. dxe5 a4 16. Qc2 Qb6+ 17. Kg2 Qc5 18. Rfd1 Rad8 19. Rxd8 Rxd8 20. Rd1 Rxd1 21. Qxd1 axb3 22. axb3 b5 23. Qd4 Qxd4 24. Bxd4 bxc4 25. b4 Bd7 26. Kf2 Kf8 27. Ke3 Ke8 28. Bb6 f6 29. Bc7 fxe5 30. Bxe5 Bxe5 31. fxe5 Kd8 32. Kd4 Kc7 33. Kxc4 Kb6 34. Bd3 Be6+ 35. Kd4 Bh3 36. Ke3 c5 37. bxc5+ Kxc5 38. Kf4 Kd4 39. Bb1 e6 40. g4 g5+ 41. Kxg5 Kxe5 42. Bxh7 Bxg4 1/2-1/2

[Event "Chinese League Division-A 2024"]
[Site "Fuling Chongqing"]
[Date "2024.07.07"]
[Round "10.10"]
[White "Zhang, Lanlin"]
[Black "Du, Yuxin"]
[Result "1-0"]
[ECO "B12"]
[WhiteElo "2161"]
[BlackElo "1960"]
[Annotator "RC"]
[PlyCount "117"]
[EventDate "2024.06.28"]
[EventType "team-tourn"]
[EventCountry "CHN"]
[SourceTitle "playchess.com"]
[Source "ChessBase"]
[SourceQuality "1"]
[TimeControl "40/5400+30:1800+30"]

1. e4 c6 2. d4 d5 3. e5 Bf5 4. h4 h5 5. Bd3 Bxd3 6. Qxd3 Qa5+ 7. Nd2 e6 8. Ne2 Nh6 9. O-O Nf5 10. Nf3 Qa6 11. Qd1 c5 12. c3 Nc6 13. Bg5 b6 14. Rc1 Be7 15. b3 Rd8 16. Qd2 Bxg5 17. hxg5 g6 18. g3 O-O 19. Kg2 Kg7 20. Rh1 Rh8 21. Nf4 cxd4 22. cxd4 Rc8 23. Ne2 Qa5 24. Nc3 Qb4 25. Qf4 Ncxd4 26. a3 Qc5 27. b4 Qc4 28. Nb5 Qxb5 29. Nxd4 Qd3 30. Rhd1 Qe4+ 31. Qxe4 dxe4 32. Nxe6+ Kh7 33. Rxc8 Rxc8 34. Rd7 Kg8 35. Nc7 e3 36. fxe3 Nxe3+ 37. Kf3 Nf5 38. g4 hxg4+ 39. Kxg4 a5 40. b5 Ng7 41. Nd5 Rc4+ 42. Kg3 Ne6 43. Nxb6 Rc3+ 44. Kf2 Rxa3 45. Nc4 Rb3 46. b6 Kg7 47. Ra7 Nxg5 48. b7 Ne4+ 49. Ke2 Nc5 50. Nxa5 Rb6 51. Ke3 Kh6 52. Kd4 Nd7 53. Ra8 Rb5 54. Rd8 Rxa5 55. Rxd7 Rb5 56. Rxf7 g5 57. Kc4 Rb1 58. Kc5 Kg6 59. Rf6+ 1-0

[Event "Chinese League Division-A 2024"]
[Site "Fuling Chongqing"]
[Date "2024.07.07"]
[Round "10.11"]
[White "Xu, Yi"]
[Black "Chen, Qi b"]
[Result "1/2-1/2"]
[ECO "C65"]
[WhiteElo "2496"]
[BlackElo "2481"]
[Annotator "TA"]
[PlyCount "60"]
[EventDate "2024.06.28"]
[EventType "team-tourn"]
[EventCountry "CHN"]
[SourceTitle "playchess.com"]
[Source "ChessBase"]
[SourceQuality "1"]
[TimeControl "40/5400+30:1800+30"]

1. e4 e5 2. Nf3 Nc6 3. Bb5 Nf6 4. d3 Bc5 5. Bg5 h6 {[%emt 0:03:56] The position is equal.} 6. Bh4 Ne7 7. d4 exd4 {[%emt 0:01:18] Black wants to play ...Ng6.} 8. e5 Nfd5 9. O-O O-O 10. Nxd4 Bxd4 11. Qxd4 Nf5 12. Qxd5 Qxh4 13. Bd3 d6 14. Bxf5 Bxf5 15. exd6 Be4 16. Qd4 {[%emt 0:00:25] [#] aiming for Nc3.} Qg4 17. f3 (17. dxc7 $2 Qxg2#) 17... Bxf3 18. Qxg4 Bxg4 19. dxc7 Rac8 20. Nd2 Rxc7 21. c3 Rd7 22. Nf3 Bxf3 23. Rxf3 $11 {[%emt 0:00:05][%mdl 4096] Endgame. KRR-KRR} Rd2 24. Rf2 Rfd8 25. Raf1 Rxf2 26. Rxf2 Rd1+ 27. Rf1 Rd2 28. Rf2 Rd1+ 29. Rf1 Rd2 30. Rf2 Rd1+ {[%emt 0:00:37] An uneventful encounter.   Weighted Error Value: White=0.01 (flawless) /Black=0.02 (flawless) .  OK:         	White=10    	Black=11     Best:        	White=3     	Black=1} 1/2-1/2

[Event "Chinese League Division-A 2024"]
[Site "Fuling Chongqing"]
[Date "2024.07.07"]
[Round "10.12"]
[White "Xu, Jun"]
[Black "Lou, Yiping"]
[Result "0-1"]
[ECO "E35"]
[WhiteElo "2471"]
[BlackElo "2442"]
[Annotator "TA"]
[PlyCount "104"]
[EventDate "2024.06.28"]
[EventType "team-tourn"]
[EventCountry "CHN"]
[SourceTitle "playchess.com"]
[Source "ChessBase"]
[SourceQuality "1"]
[TimeControl "40/5400+30:1800+30"]

1. d4 Nf6 2. c4 e6 3. Nc3 Bb4 4. Qc2 d5 5. cxd5 exd5 6. Bg5 h6 7. Bh4 O-O 8. e3 Re8 9. a3 Bxc3+ 10. Qxc3 {[%emt 0:00:23] The position is equal.} Bf5 11. Nf3 Nbd7 12. Nd2 Rc8 13. Be2 c5 14. O-O Qb6 15. Nf3 $2 (15. Bxf6 $15 Nxf6 (15... Qxf6 16. Nf3 $11) 16. dxc5 Rxc5 17. Qb3) 15... Ne4 $19 16. Qe1 c4 17. Qb4 g5 18. Bg3 h5 {[%emt 0:00:16] White must now prevent ...h4. Black is more active.} 19. h4 ({White should try} 19. h3) 19... g4 $1 $36 {[%emt 0:08:15][%mdl 2048] Strongly threatening ...Nxg3. Keeping White busy.} 20. Ne5 Nf8 21. Bh2 Qxb4 22. axb4 c3 23. bxc3 (23. Nd3 $17 {was worth a try.}) 23... Nxc3 $19 24. Rfe1 Nxe2+ 25. Rxe2 f6 26. b5 fxe5 27. Bxe5 Bd3 28. Rb2 Nd7 29. Bf4 a6 30. bxa6 Bxa6 31. Ra5 {[%emt 0:00:38] [#]} Nf6 32. Kh2 Rc6 33. Bg5 b5 34. f3 Kf7 35. Rba2 Ree6 36. Bxf6 Kxf6 37. e4 {[%emt 0:00:02] [#]} Rb6 $1 (37... dxe4 $2 {perishes.} 38. d5 gxf3 (38... g3+ $2 39. Kxg3 Rb6 40. dxe6 $18) 39. dxc6 $16) 38. exd5 Red6 39. fxg4 hxg4 40. Kg3 Bc8 41. Ra8 Bd7 42. Rf2+ Ke7 43. Re2+ Kf7 44. Rf2+ Rf6 {[%emt 0:00:13] ...Rxf2 is the strong threat.} 45. Re2 b4 46. Ra7 Rfd6 {[%emt 0:00:17] Black is clearly winning.} 47. Ra5 b3 {[%emt 0:00:42] Threatens to win with ...b2.} 48. Rb2 Rb4 49. Kf4 Kf6 (49... Rxd4+ $2 {too greedy.} 50. Ke5 $18) 50. Ke3 Bf5 51. Kd2 Rxd4+ 52. Kc3 R4xd5 {[%emt 0:00:16] Weighted Error Value: White=0.45/Black=0.08 (flawless) .  Loses game:     	White=1     	---        Mistake:       	White=2     	---        Inaccurate:     	White=7     	Black=2      OK:         	White=12    	Black=24     Best:        	White=1     	Black=2      Strong:       	---       	Black=2} 0-1

[Event "Chinese League Division-A 2024"]
[Site "Fuling Chongqing"]
[Date "2024.07.07"]
[Round "10.13"]
[White "Meng, Yihan"]
[Black "Lin, Chen"]
[Result "1-0"]
[ECO "B01"]
[WhiteElo "2268"]
[BlackElo "2484"]
[Annotator "TA"]
[PlyCount "73"]
[EventDate "2024.06.28"]
[EventType "team-tourn"]
[EventCountry "CHN"]
[SourceTitle "playchess.com"]
[Source "ChessBase"]
[SourceQuality "1"]
[TimeControl "40/5400+30:1800+30"]

1. e4 d5 2. exd5 Nf6 3. d4 Nxd5 4. Nf3 g6 5. c4 Nb6 6. Be2 Bg7 7. O-O O-O 8. h3 c5 9. d5 e6 10. Bg5 Qd6 {[%emt 0:02:23] The position is equal.} 11. Nc3 exd5 12. cxd5 Bf5 13. Re1 Re8 (13... h6 $14 14. Bh4 Bxc3 15. bxc3 g5) 14. Bb5 (14. a4 $1 $16 ) 14... N8d7 (14... Rxe1+ {simplifies} 15. Qxe1 N8d7 16. Rd1 c4) 15. g4 Bxc3 16. bxc3 Rxe1+ 17. Qxe1 Qxd5 18. Qe3 Be6 19. Re1 a6 20. Bf1 Re8 21. Bg2 (21. Qf4 $11) 21... f6 {[%emt 0:04:48][%cal Oe6f7] Strongly threatening ...Bf7!} 22. Bh6 Bf7 (22... Qxa2 $17 {Threatens to win with ...Bf7.} 23. Qc1 Bf7 24. Rxe8+ Bxe8) 23. Qc1 (23. Qxe8+ $1 $11 Bxe8 24. Ng5) 23... Rxe1+ $17 (23... Qxa2 24. Rxe8+ Bxe8 25. g5 $15) 24. Qxe1 Qe6 25. Qc1 (25. a3 $17) 25... g5 (25... Qxa2 $19 {...a5 would now be deadly.} 26. Nd2 g5 27. Bxb7 a5) 26. a4 ({White should play} 26. Nxg5 $1 $15 fxg5 27. Qxg5+ Bg6 28. Bxb7) 26... Nc4 $2 {[%emt 0:04:21][%mdl 8192] [#]} (26... a5 $1 $17 {[%cal Of7g6] and life is bright. aiming for ...Bg6!} 27. Qc2 Bg6) 27. Nxg5 $1 $18 Qd6 ({Of course not} 27... fxg5 28. Qxg5+ Qg6 (28... Bg6 $2 29. Bd5 $18) 29. Qd8+ (29. Bxb7 $2 Qxg5 30. Bxg5 a5 $19) 29... Be8 30. Bd5+ (30. Bxb7 Nf6 $11) 30... Kh8 31. Bxc4 $18) (27... Qe5 28. Nxf7) 28. Nxf7 Kxf7 29. Qb1 {[%emt 0:00:36] Repels Qd3} Kg8 (29... Ke8 {was worth a try.} 30. Qxb7 (30. Qxh7 b5 $18) 30... Qd1+ 31. Bf1 a5) 30. Qxb7 Qd1+ 31. Kh2 {[%emt 0:00:05] White threatens Bd5+ and mate.} Qd6+ 32. Kg1 {[%emt 0:00:25] Threatening mate with Bd5+.} Qd1+ 33. Kh2 (33. Bf1 $142) 33... Qd6+ {[%emt 0:00:03] [#]} 34. f4 $1 Ne3 {[%emt 0:00:03] Wards off Bd5+} 35. Qe4 Nxg2 36. Qe8+ (36. Qc4+ $142 Kh8 37. Qf7 (37. Kxg2 Qd2+ 38. Kf3 Qh2 $16) 37... Qxf4+ 38. Bxf4 Nxf4 39. Qe8+ (39. Qxd7 Ng6 $18) 39... Kg7 40. Qxd7+ Kh6 41. Qf7) 36... Nf8 37. Kxg2 {[%emt 0:01:18] Weighted Error Value: White=0.66/Black=0.83.  Loses game:     	---       	Black=1      Mistake:       	White=5     	Black=4      Inaccurate:     	White=2     	Black=3      OK:         	White=10    	Black=7      Best:        	---       	Black=2      Strong:       	White=1     	---        Brilliant:      	White=1     	---} 1-0